 Dungeon Crawl Stone Soup version 0.21-a0-88-g13b9641 (webtiles) character file.

1097 Lavandula the Cutter (level 8, -2/54 HPs)
             Began as a Mummy Artificer on June 26, 2017.
             Slain by a hornet zombie (7 damage)
             ... on level 6 of the Dungeon.
             The game lasted 00:22:59 (5953 turns).

Lavandula the Cutter (Mummy Artificer)              Turns: 5953, Time: 00:23:00

Health: -2/54      AC:  7    Str: 15    XL:     8   Next: 10%
Magic:  9/9        EV: 13    Int: 10    God:
Gold:   278        SH:  0    Dex: 15    Spells: 7/7 levels left

rFire    x . .     SeeInvis .   a - +1 short sword
rCold    + . .     Gourm    .   (no shield)
rNeg     + + +     Faith    .   j - +1 ring mail
rPois    ∞         Spirit   .   (no helmet)
rElec    .         Reflect  .   (no cloak)
rCorr    .         Harm     .   v - +0 pair of gloves
MR       +....                  (no boots)
Stlth    +.........             (no amulet)
HPRegen  0.18/turn              n - ring of wizardry
MPRegen  0.11/turn              (no ring)

@: no status effects
A: no food or potions, fire vulnerability, cold resistance 1, negative energy
resistance 3, torment resistance, unbreathing
a: no special abilities


You were on level 6 of the Dungeon.
You were not hungry.

You visited 1 branch of the dungeon, and saw 7 of its levels.

You collected 278 gold pieces.

Inventory:

Hand Weapons
 a - a +1 short sword (weapon)
Missiles
 B - a tomahawk of dispersal
 E - 2 poisoned tomahawks (quivered)
Armour
 b - a +0 leather armour
 j - a +1 ring mail (worn)
 m - a +0 buckler
 t - a +0 chain mail
 u - a +0 scale mail
 v - a +0 pair of gloves (worn)
Jewellery
 h - an uncursed ring of resist corrosion
 i - an uncursed ring of flight
 n - a ring of wizardry (left hand)
 C - an uncursed ring of fire
Wands
 c - a wand of flame (0/48)
 d - a wand of enslavement (0/24)
 e - a wand of random effects (3/48)
 s - a wand of digging (20/24)
 w - a wand of iceblast (12/15)
 y - a wand of polymorph (13/24)
 A - a wand of digging (12/24)
 D - a wand of random effects (25/48)
Scrolls
 f - a scroll of amnesia {unknown}
 g - 3 scrolls of enchant armour
 k - 2 scrolls of teleportation
 l - a scroll of enchant weapon
 o - 3 scrolls of remove curse
 p - a scroll of noise {unknown}
 q - a scroll of random uselessness {unknown}
 r - 2 scrolls of blinking {unknown}
 x - a scroll of fear {unknown}
 z - 2 scrolls of identify {unknown}


   Skills:
 - Level 1.0 Fighting
 + Level 6.9 Short Blades
 - Level 4.2 Dodging
 - Level 0.7 Stealth
 - Level 2.4 Evocations


You had 7 spell levels left.
You didn't know any spells.

Dungeon Overview and Level Annotations

Branches:
Dungeon (7/15)             Temple (0/1) D:6

Altars:
Okawaru

Annotations:
D:6 Eptagon's ghost, amateur DrTm


Innate Abilities, Weirdness & Mutations

You do not eat or drink.
Your flesh is vulnerable to fire.
You are immune to poison.
Your flesh is cold resistant. (rC+)
You are immune to negative energy. (rN+++)
You are immune to unholy pain and torment.
You can survive without breathing.


Message History

Evoke which item? (* to show all) (? for menu, Esc to quit)
Aiming: Enslavement
Press: ? - help, Shift-Dir - straight line, f/p - hornet zombie
Aim: a hornet zombie (moderately damaged, chance to defeat MR: 63%)
The hornet zombie resists with significant effort.
This wand has 0 charges left.
The hornet zombie closely misses you.
The hornet zombie hits you but does no damage.
Evoke which item? (* to show all) (? for menu, Esc to quit)
This wand has no charges.
Unknown command.
Evoke which item? (* to show all) (? for menu, Esc to quit)
Aiming: Random Effects
Press: ? - help, Shift-Dir - straight line, f/p - hornet zombie
Aim: a hornet zombie (moderately damaged)
The fireball explodes!
The fireball engulfs the hornet zombie.
The hornet zombie is heavily damaged.
The fireball engulfs you! The fire burns you terribly!
* * * LOW HITPOINT WARNING * * *
This wand has 3 charges left.
The hornet zombie hits you!
You die...

#.#########
###.........#
##########
.....######.#
#.........
##...#### #.#
#.###...W.
#.....#.###.#####
#.........
##...#.#........#
#####.####
##...###...###.#
#.#
#.##.#.######.#####
#.# #.###.##
#....@Z..# #.#
##'##### ###.######
#.# ##...## #. #.#
#.....## #. ##.#
.......## ## ##..#
# ..%.....#### ⌠.
#######.W.####
........'..##.>
....%........+
........##(#
#######...####
.......###.#
#..W....# #


You could see a hornet zombie.

Vanquished Creatures
  A human (D:4)
  2 ice beasts (D:6)
  A black bear (D:6)
  4 worker ants
  A vampire bat (D:4)
  A bullfrog zombie (D:6)
  A hound (D:5)
  Natasha (D:2)
  An iguana (D:5)
  3 hound skeletons
  3 gnolls
  7 adders
  An adder skeleton (D:3)
  A dart slug (D:4)
  3 fire bats (D:4)
  2 leopard geckos
  18 orcs
  2 spectral bats (D:4)
  2 ball pythons
  3 bat skeletons (D:4)
  A bat zombie (D:4)
  3 giant cockroaches
  8 goblins
  6 hobgoblins
  3 jackals (D:6)
  2 kobolds
  5 quokkas
  17 bats
  A bat simulacrum (D:4)
  6 frilled lizards
  A quokka zombie (D:5)
  6 rats
117 creatures vanquished.

Vanquished Creatures (collateral kills)
  Edmund (D:5)
  A gnoll shaman (D:5)
  2 gnolls (D:5)
  An adder (D:4)
5 creatures vanquished.

Vanquished Creatures (others)
  A water moccasin (D:5)
  3 ogres (D:6)
4 creatures vanquished.

Grand Total: 126 creatures vanquished

Notes
Turn   | Place    | Note
-------+----------+-------------------------------------------
     0 | D:1      | Lavandula the Mummy Artificer began the quest for the Orb.
     0 | D:1      | Reached XP level 1. HP: 15/15 MP: 2/2
    20 | D:1      | Reached skill level 1 in Short Blades
   175 | D:1      | Reached XP level 2. HP: 16/21 MP: 3/3
   528 | D:1      | Reached skill level 2 in Short Blades
   924 | D:2      | Reached XP level 3. HP: 26/26 MP: 4/4
  1169 | D:2      | Noticed Natasha
  1173 | D:2      | Killed Natasha
  1173 | D:2      | Reached skill level 3 in Short Blades
  1173 | D:2      | Reached XP level 4. HP: 32/32 MP: 5/5
  2276 | D:3      | Found an iron altar of Okawaru.
  2379 | D:5      | Entered Level 5 of the Dungeon
  2379 | D:5      | Noticed a sky beast
  2507 | D:5      | Noticed Edmund
  2510 | D:5      | Noticed a water moccasin
  2534 | D:5      | Killed Edmund
  2534 | D:5      | Reached skill level 4 in Short Blades
  2534 | D:5      | Reached XP level 5. HP: 36/37 MP: 6/6
  2799 | D:5      | Reached skill level 5 in Short Blades
  2807 | D:5      | Reached XP level 6. HP: 41/43 MP: 7/7
  3382 | D:4      | Noticed a human
  3382 | D:4      | a sky beast changed into a human
  3409 | D:4      | Killed a human
  3409 | D:4      | Reached skill level 6 in Short Blades
  3409 | D:4      | Reached XP level 7. HP: 27/48 MP: 8/8
  5203 | D:6      | Noticed Eptagon's ghost (amateur DrTm)
  5482 | D:6      | Killed an ice beast
  5482 | D:6      | Reached XP level 8. HP: 17/54 MP: 9/9
  5937 | D:6      | Found a staircase to the Ecumenical Temple.
  5953 | D:6      | Slain by a hornet zombie

Vault maps used:
D:1:      nicolae_arrival_somewhat_less_tricky_arrival
D:2:      first_bread, uniq_natasha
D:3:      minivault_5, lemuel_tele_altar
D:4:      st_stairs_13, hex_large, goddamned_bats
D:5:      uniq_edmund
D:6:      temple_doors_cd

Skill      XL: |  1  2  3  4  5  6  7 |
---------------+----------------------+-----
Short Blades   | 1 2 3 4 5 6 |  6.9
Dodging        | 4 |  4.2
Fighting       | |  1.0
Stealth        | |  0.7
Evocations     | |  2.4

Action                   |  1- 3 |  4- 6 |  7- 9 || total
-------------------------+-------+-------+-------++-------
Melee: Short sword       |    80 |   253 |   255 ||   588
Throw: Tomahawk          |       |       |     3 ||     3
Evoke: Wand              |    11 |    12 |    23 ||    46
  Use: Scroll            |       |     4 |       ||     4
 Stab: Paralysed         |       |     2 |       ||     2
       Sleeping          |       |       |     1 ||     1
Armor: Leather armour    |     4 |       |       ||     4
       Ring mail         |    19 |    79 |   109 ||   207
Dodge: Dodged            |    53 |   116 |   173 ||   342
